 Dungeon Crawl Stone Soup version 0.30-a0-782-ge64f9170bb (webtiles) character file.

Game seed: 10605915283569161074

135 HoaS the Shooter (level 5, 0/30 HPs)
             Began as a Gargoyle Hunter on Feb 21, 2023.
             Slain by Pargi (6 damage)
             ... in a sewer.
             The game lasted 00:05:21 (2052 turns).

HoaS the Shooter (Gargoyle Hunter)                  Turns: 2052, Time: 00:05:22

Health: 0/30       AC:  8    Str: 14    XL:     5   Next: 18%
Magic:  5/5        EV: 11    Int: 16    God:
Gold:   144        SH:  0    Dex: 15    Spells: 4/4 levels left

rFire   . . .      SeeInvis .    a - +0 shortbow
rCold   . . .      Faith    .    (shield currently unavailable)
rNeg    + . .      Spirit   .    c - +0 leather armour
rPois   ∞          Reflect  .    g - +0 helmet
rElec   +          Harm     .    (no cloak)
rCorr   .          Rampage  .    (no gloves)
Will    .....                    (no boots)
Stlth   ++                       (no amulet)
HPRegen 0.25/turn                e - +6 ring of intelligence
MPRegen 0.09/turn                (no ring)

@: no status effects
A: sickness immunity, AC +4, negative energy resistance 1, electricity
resistance, torment resistance 1, petrification resistance
a: no special abilities


You were in a sewer.
You visited 1 branch of the dungeon, and saw 3 of its levels.
You also visited: Sewer.

You collected 144 gold pieces.

Inventory:

Hand Weapons
 a - a +0 shortbow (weapon)
Armour
 c - a +0 leather armour (worn)
 g - a +0 helmet (worn)
Jewellery
 e - a +6 ring of intelligence (left hand)
Scrolls
 b - a scroll of immolation
 d - 4 scrolls of teleportation
 k - 2 scrolls of magic mapping {unknown}
 l - 2 scrolls of enchant armour {unknown}
Potions
 f - 2 potions of degeneration {unknown}
 h - a potion of flight {unknown}
 i - a potion of ambrosia {unknown}
 j - a potion of invisibility {unknown}
 m - a potion of heal wounds {unknown}


   Skills:
 - Level 2.1 Fighting
 + Level 6.3 Ranged Weapons
 - Level 1.5 Dodging
 - Level 1.1 Stealth


You had 4 spell levels left.
You didn't know any spells.
Your spell library contained the following spells:

 Spells                   Type           Power      Damage    Failure   Level
 Summon Guardian Golem    Hex/Summ       0%         N/A       67%         3
 Orb of Destruction       Conj           0%         9d5       100%        7
 Spellforged Servitor     Conj/Summ      0%         N/A       100%        7


Dungeon Overview and Level Annotations

Branches:
Dungeon (3/15)              Sewer (1/1)

Altars:

Annotations:
D:2 1 runed translucent door, Crazy Yiuf Sewer Pargi


Innate Abilities, Weirdness & Mutations

You are immune to sickness and miasma.
Your stone body is resilient. (AC +4)
You are immune to poison.
You resist negative energy. (rN+)
You are resistant to electric shocks. (rElec)
You are resistant to unholy torment.
You are immune to petrification.


Message History

Pargi clenches his teeth.
Pargi barely misses you. Pargi claws you but does no damage. x2
You shoot an arrow. The arrow closely misses Pargi.
Pargi bites you but does no damage. Pargi barely misses you.
Pargi claws you but does no damage.
You shoot an arrow. The arrow closely misses Pargi.
Pargi bites you but does no damage. Pargi closely misses you.
Pargi claws you but does no damage.
You shoot an arrow.
The arrow hits Pargi but does no damage.
Pargi is lightly wounded.
Pargi closely misses you. Pargi claws you but does no damage. Pargi claws you.
Pargi barely misses you. Pargi closely misses you.
Pargi claws you but does no damage.
You shoot an arrow. The arrow closely misses Pargi.
Pargi bites you. Pargi barely misses you. x2
You shoot an arrow.
The arrow hits Pargi but does no damage.
Pargi bites you. Pargi barely misses you. Pargi claws you.
You shoot an arrow. The arrow hits Pargi.
Pargi is lightly wounded.
Pargi barely misses you. Pargi claws you. Pargi claws you but does no damage.
You shoot an arrow.
The arrow hits Pargi but does no damage.
Pargi is lightly wounded.
Pargi bites you.
* * * LOW HITPOINT WARNING * * *
Pargi closely misses you. Pargi misses you.
You shoot an arrow. The arrow hits Pargi!
Pargi is moderately wounded.
Pargi bites you.
* * * LOW HITPOINT WARNING * * *
Pargi barely misses you. x3; Pargi closely misses you.
Pargi misses you.
You shoot an arrow. The arrow hits Pargi!
Pargi is heavily wounded.
Pargi bites you but does no damage. Pargi misses you. Pargi closely misses you.
You shoot an arrow. The arrow hits Pargi.
Pargi is heavily wounded.
Pargi bites you.
You die...

#~≈~ #~≈~#
#~≈~# #~≈~#
#~≈~# #~≈~#
#############
#..T.~≈~.'..#
#@~≈~.####
####.~≈~.####
#..'.~≈~.†..#
####.~≈~.####
####.~≈~.####
#..'.~≈~.'..#
####.~≈~.####
####.~≈~.####
#∩....∩..'..#


You could see Pargi.

Vanquished Creatures
  Jessica (D:2)
  A gnoll (D:1)
  3 adders
  3 dart slugs
  5 endoplasms
  3 giant cockroaches
  5 hobgoblins
  12 quokkas
  4 ball pythons
  5 bats
  4 frilled lizards
  4 goblins
  10 kobolds
  4 rats
64 creatures vanquished.

Vanquished Creatures (others)
  7 plants (D:2)
7 creatures vanquished.

Grand Total: 71 creatures vanquished

Notes
Turn   | Place    | Note
-------+----------+-------------------------------------------
     0 | D:1      | HoaS the Gargoyle Hunter began the quest for the Orb.
     0 | D:1      | Reached XP level 1. HP: 12/12 MP: 1/1
     7 | D:1      | Reached XP level 2. HP: 17/17 MP: 2/2
   296 | D:1      | Reached XP level 3. HP: 21/21 MP: 3/3
   314 | D:1      | Reached skill level 5 in Ranged Weapons
   973 | D:2      | Noticed Jessica
   977 | D:2      | Killed Jessica
   978 | D:2      | Reached XP level 4. HP: 26/26 MP: 4/4
  1274 | D:2      | Identified the +7 hammer "Gargoyle's Regret" {venom, rPois
                  | rCorr Dex-5 Stlth+}
  1277 | D:2      | Found a runed translucent door.
  1278 | D:2      | Noticed Crazy Yiuf
  1747 | D:3      | Reached skill level 6 in Ranged Weapons
  1813 | D:3      | Reached XP level 5. HP: 30/30 MP: 5/5
  1845 | D:3      | Found a glowing drain.
  1882 | Sewer    | Entered a sewer
  2033 | Sewer    | Noticed Pargi
  2052 | Sewer    | Slain by Pargi

Illustrated notes

Levels and vault maps discovered:
D:1:      minmay_arrival_glassed_features, layout_basic
D:2:      layout_loops_ring, serial_bayou, serial_bayou_shore_b,
          serial_bayou_shore_a, serial_bayou_lagoon_a, serial_bayou_shore_b,
          uniq_jessica, uniq_crazy_yiuf_cottage
D:3:      layout_loops_ring, gup_sewer_entry_pipe, nicolae_grassy_gnolls
Sewer:    kennysheep_door_sewer

Skill      XL: |  1  2  3  4 |
---------------+-------------+-----
Ranged Weapons | 5 6 |  6.3
Fighting       | |  2.1
Dodging        | |  1.5
Stealth        | |  1.1

Action                     |  1- 3 |  4- 6 || total
---------------------------+-------+-------++-------
   Fire: Shortbow          |    74 |   126 ||   200
    Use: Scroll            |     2 |     1 ||     3
 Armour: Leather armour    |     7 |    66 ||    73
  Dodge: Dodged            |    15 |    77 ||    92

Table legend: (Time is in decaauts)
 A = Elapsed time spent in this place.
 B = Non-inter-level travel time spent in this place.
 C = Inter-level travel time spent in this place.
 D = Time resting spent in this place.
 E = Time spent auto-exploring this place.
 F = Levels seen in this place.
 G = Mean time per level.
                   A        B        C        D        E       F      G
               +--------+--------+--------+--------+--------+-----+--------+
         Total |   2140 |   2070 |     70 |    327 |   1329 |   4 |  535.0 |
       Dungeon |   1965 |   1895 |     70 |    300 |   1224 |   3 |  655.0 |
         Sewer |    175 |    175 |      0 |     27 |    105 |   1 |  175.0 |
               +--------+--------+--------+--------+--------+-----+--------+

Top non-repeatable levels by time:
     D:2: 901 daAuts
     D:1: 837 daAuts
     D:3: 226 daAuts
   Sewer: 175 daAuts
